 Dungeon Crawl Stone Soup version 0.27-a0-1202-ge72e49191c (webtiles) character file.

Game seed: 3509995139264052316

11320 lunkers the Earth Mage (level 12, 0/74 HPs)
             Began as a Formicid Earth Elementalist on June 3, 2021.
             Was a Believer of Vehumet.
             Slain by a wraith (10 damage)
             ... led by Josephine
             ... on level 10 of the Dungeon.
             The game lasted 00:16:46 (14392 turns).

lunkers the Earth Mage (FoEE)                      Turns: 14392, Time: 00:16:46

Health: 0/74       AC:  9    Str: 13    XL:     12   Next: 6%
Magic:  4/26       EV: 15    Int: 20    God:    Vehumet [**....]
Gold:   472        SH:  0    Dex: 11    Spells: 17/32 levels left

rFire    + . .     SeeInvis +   w - +0 flail (drain)
rCold    . . .     Faith    .   (no shield)
rNeg     . . .     Spirit   .   E - +0 leather armour {rF+}
rPois    .         Reflect  .   (helmet unavailable)
rElec    .         Harm     .   s - scarf {shadows}
rCorr    .         Rampage  .   f - +0 pair of gloves
Will     +....                  y - +0 pair of boots
Stlth    ++........             (no amulet)
HPRegen  0.22/turn              I - +4 ring of evasion
MPRegen  0.20/turn              v - +4 ring of protection

@: no status effects
A: permanent stasis, dig shafts and tunnels, antennae 3, four strong arms
a: Dig, Shaft Self, Renounce Religion


You were on level 10 of the Dungeon.
You worshipped Vehumet.
Vehumet was pleased with you.
You visited 2 branches of the dungeon, and saw 11 of its levels.

You collected 472 gold pieces.

Inventory:

Hand Weapons
 b - a +0 dagger
 w - a +0 flail of draining (weapon)
 z - a +2 dagger of venom
Missiles
 i - 148 stones
Armour
 c - a +0 robe
 f - a +0 pair of gloves (worn)
 s - a scarf of shadows (worn)
 y - a +0 pair of boots (worn)
 E - a +0 leather armour of fire resistance (worn)
Magical Staves
 x - a staff of cold
Jewellery
 k - a ring of willpower
 v - a +4 ring of protection (right hand)
 I - a +4 ring of evasion (left hand)
Wands
 r - a wand of charming (5)
 F - a wand of iceblast (13)
 G - a wand of paralysis (5)
 K - a wand of acid (5)
Scrolls
 a - 3 scrolls of enchant armour {unknown}
 g - 3 scrolls of teleportation {unknown}
 h - a scroll of enchant weapon {unknown}
 m - a scroll of identify
 n - 2 scrolls of noise {unknown}
 o - 2 scrolls of fear {unknown}
 A - a scroll of immolation {unknown}
 B - 2 scrolls of blinking {unknown}
 D - a scroll of amnesia {unknown}
Potions
 d - 4 potions of might
 e - 2 potions of flight
 j - 3 potions of mutation
 l - 6 potions of curing
 p - a potion of resistance
 q - 3 potions of brilliance
 u - 2 potions of attraction
 C - a potion of cancellation
 J - a potion of invisibility
 L - a potion of lignification


   Skills:
 - Level 1.7 Dodging
 - Level 2.4 Stealth
 + Level 10.8 Spellcasting
 - Level 1.1 Transmutations
 * Level 16.9 Earth Magic


You had 17 spell levels left.
You knew the following spells:

 Your Spells              Type           Power      Damage    Failure   Level
a - Stone Arrow           Conj/Erth      88%        3d12      1%          3
b - Passwall              Tmut/Erth      38%        N/A       1%          2
c - Sandblast             Erth           100%       2d20      0%          1
d - Lee's Rapid Deconstr  Erth           34%        3d18*     1%          5
e - Petrify               Tmut/Erth      46%        N/A       1%          4

Your spell library contained the following spells:

 Spells                   Type           Power      Damage    Failure   Level
 Foxfire                  Conj/Fire      40%        2x1d6     9%          1
 Animate Armour           Summ/Erth      88%        N/A       2%          4
 Leda's Liquefaction      Hex/Erth       22%        N/A       2%          4
 Beastly Appendage        Tmut           30%        N/A       5%          1
 Wereblood                Tmut           15%        N/A       8%          2
 Spider Form              Tmut/Pois      6%         N/A       19%         3
 Bolt of Magma            Conj/Fire/Erth 16%        4d9       22%         5
 Statue Form              Tmut/Erth      30%        N/A       30%         6
 Iron Shot                Conj/Erth      22%        9d5       36%         6
 Ice Form                 Ice/Tmut       13%        N/A       54%         4
 Hydra Form               Tmut           7%         N/A       82%         5
 Summon Forest            Summ/Tloc      5%         N/A       92%         5
 Summon Mana Viper        Hex/Summ       10%        N/A       92%         5
 Shadow Creatures         Summ           N/A        N/A       100%        6
 Summon Hydra             Summ           5%         N/A       100%        7
 Shatter                  Erth           34%        3d27*     100%        9


Dungeon Overview and Level Annotations

Branches:
Dungeon (10/15)            Temple (1/1) D:7            Lair (0/6) D:10
    Orc: D:9-12

Altars:
Ashenzari
Cheibriados
Dithmenos
Elyvilon
Fedhas
Gozag
Hepliaklqana
Kikubaaqudgha
Makhleb
Nemelex Xobeh
Okawaru
Qazlal
Ru
Sif Muna
Trog
Uskayaw
Vehumet
Wu Jian
Xom
Yredelemnul
Zin
The Shining One

Shops:
D:9 !?(*


Innate Abilities, Weirdness & Mutations

You cannot be hasted, slowed, berserked, paralysed or teleported.
You can dig through walls and to a lower floor.
You have a pair of large antennae on your head. (SInv)
Your four strong arms can wield two-handed weapons with a shield.


Message History

The blast of sand hits the wraith but does no damage.
The wraith is heavily damaged.
* * * LOW MAGIC WARNING * * *
The wraith hits you.
* * * LOW HITPOINT WARNING * * *
The wraith drains your vigour!
Your stasis prevents you from being slowed.
Aiming: Corrosive Bolt
Press: ? - help, Shift-Dir - straight line, f - wraith, p - wraith
Aim: a wraith (71% to hit)
The bolt of acid hits the wraith but does no damage.
The wraith is heavily damaged.
The bolt of acid hits the wraith.
The wraith is splashed with acid.
The acid corrodes the wraith!
The wraith is moderately damaged.
The wraith hits you.
* * * LOW HITPOINT WARNING * * *
The wraith drains your vigour!
Your stasis prevents you from being slowed.
Unknown command.
Casting: Sandblast (safe; 0% risk of failure)
Confirm with . or Enter, or press ? or * to list all spells.
Aiming: Sandblast (safe; 0% risk of failure)
Press: ? - help, Shift-Dir - straight line, f - wraith
Aim: a wraith (heavily damaged, 84% to hit)
The blast of sand hits the wraith!
You destroy the wraith!
Vehumet accepts your kill.
* * * LOW MAGIC WARNING * * *
Unknown command.
Casting: Sandblast (safe; 0% risk of failure)
Confirm with . or Enter, or press ? or * to list all spells.
Aiming: Sandblast (safe; 0% risk of failure)
Press: ? - help, Shift-Dir - straight line, f - wraith
Aim: a wraith (moderately damaged, covered in acid, 84% to hit)
The blast of sand hits the wraith!
The wraith is heavily damaged.
* * * LOW MAGIC WARNING * * *
The wraith hits you!
You die...

.........##..#..##...
#.........##..#...####
#.........##..##......
#.........##..#####.##
#......)..##.).....)..
#.........##..........
#..............###....
#####W#.......# #....
#@##.......# #....
####.......# #####
####.......#
#..........#
#..........#
#....####### #....##
####..# ##.##


You could see a wraith (corroded).

Vanquished Creatures
  Josephine (D:10)
  2 two-headed ogres (D:8)
  Pikel (D:6)
  An ugly thing (D:10)
  Joseph (D:7)
  2 unseen horrors
  A hornet (D:10)
  A meliai (shapeshifter) (D:10)
  A troll (D:10)
  A slime creature (D:10)
  3 shadows
  2 wraiths (D:10)
  A wyvern (D:10)
  6 yaks
  Menkaure (D:6)
  A steam dragon (D:7)
  Edmund (D:4)
  Duvessa (D:5)
  An acid dragon (D:9)
  2 black bears
  4 orc warriors
  A hornet zombie (D:8)
  A sky beast (D:7)
  An ice beast (D:7)
  2 necrophages
  5 centaurs
  5 ogres
  2 lemures (D:6)
  2 kobold brigands
  A bullfrog (D:8)
  A scorpion (D:7)
  Dowan (D:5)
  10 killer bees
  5 spriggan skeletons (D:9)
  3 wights (D:9)
  A troll skeleton (D:9)
  2 howler monkeys (D:8)
  5 centaur zombies
  A bullfrog skeleton (D:5)
  4 orc priests
  4 jellies
  A centaur skeleton (D:7)
  2 hounds
  2 iguanas
  6 orc wizards
  2 killer bee zombies
  A hound zombie (D:5)
  A hound skeleton (D:4)
  A mummy (D:8)
  A howler monkey zombie (D:10)
  A gnoll (D:1)
  7 adders
  A howler monkey skeleton (D:7)
  A shadow imp (D:4)
  A dart slug (D:3)
  4 worms
  21 orcs
  4 ball pythons
  7 bats
  5 endoplasms
  5 giant cockroaches
  3 goblins
  3 hobgoblins
  6 jackals (D:1)
  7 kobolds
  3 quokkas
  4 frilled lizards
  A jackal skeleton (D:4)
  5 rats
  A spectral goblin (D:3)
199 creatures vanquished.

Vanquished Creatures (others)
  A yak (D:8)
  A hound (D:4)
2 creatures vanquished.

Grand Total: 201 creatures vanquished

Notes
Turn   | Place    | Note
-------+----------+-------------------------------------------
     0 | D:1      | lunkers the Formicid Earth Elementalist began the quest for
                  | the Orb.
     0 | D:1      | Reached XP level 1. HP: 13/13 MP: 3/3
    79 | D:1      | Reached skill level 4 in Earth Magic
    81 | D:1      | Reached XP level 2. HP: 19/19 MP: 0/5
   472 | D:1      | Reached XP level 3. HP: 24/24 MP: 1/7
   952 | D:1      | Learned a level 2 spell: Passwall
   956 | D:1      | Learned a level 3 spell: Stone Arrow
  1397 | D:2      | Reached skill level 5 in Earth Magic
  1553 | D:2      | Reached XP level 4. HP: 30/30 MP: 8/8
  1853 | D:2      | You fall into a shaft and drop 2 floors!
  1853 | D:4      | Found an iron altar of Okawaru.
  1853 | D:4      | Found a sparkling altar of Nemelex Xobeh.
  1989 | D:3      | Found a hazy altar of Hepliaklqana.
  3721 | D:3      | Found a shimmering blue altar of Sif Muna.
  4071 | D:4      | Reached XP level 5. HP: 35/35 MP: 3/10
  4129 | D:4      | Found a snail-covered altar of Cheibriados.
  4288 | D:4      | Noticed an ogre
  4293 | D:4      | Killed an ogre
  4294 | D:4      | Reached skill level 6 in Earth Magic
  4294 | D:4      | Reached XP level 6. HP: 20/41 MP: 6/11
  5117 | D:4      | Reached skill level 7 in Earth Magic
  5268 | D:5      | Entered Level 5 of the Dungeon
  5273 | D:5      | Noticed an ogre
  5277 | D:5      | Killed an ogre
  5277 | D:5      | Noticed an ogre
  5278 | D:5      | Reached XP level 7. HP: 46/46 MP: 6/13
  5288 | D:5      | Reached skill level 8 in Earth Magic
  5432 | D:5      | Noticed Edmund
  5538 | D:4      | Killed Edmund
  5646 | D:5      | Reached skill level 5 in Spellcasting
  5646 | D:5      | Reached XP level 8. HP: 38/52 MP: 2/15
  5824 | D:5      | Reached skill level 9 in Earth Magic
  6239 | D:5      | Noticed Duvessa
  6239 | D:5      | Noticed Dowan
  6244 | D:5      | Killed Duvessa
  6245 | D:5      | Reached skill level 10 in Earth Magic
  6247 | D:5      | Killed Dowan
  6939 | D:6      | Noticed Pikel
  6953 | D:6      | Killed Pikel
  6954 | D:6      | Reached skill level 11 in Earth Magic
  6954 | D:6      | Reached XP level 9. HP: 28/57 MP: 2/19
  7170 | D:6      | Noticed Menkaure
  7174 | D:6      | Killed Menkaure
  7765 | D:7      | Found a burning altar of Makhleb.
  7771 | D:7      | Found a glowing silver altar of Zin.
  7771 | D:7      | Noticed an angel
  7771 | D:7      | Noticed a blizzard demon
  7792 | D:7      | Reached skill level 12 in Earth Magic
  7886 | D:7      | Learned a level 5 spell: Lee's Rapid Deconstruction
  7891 | D:7      | Learned a level 4 spell: Petrify
  8104 | D:7      | Noticed Joseph
  8111 | D:7      | Killed Joseph
  8322 | D:7      | Reached XP level 10. HP: 61/63 MP: 11/21
  8737 | D:7      | Reached skill level 13 in Earth Magic
  9154 | D:7      | Found a staircase to the Ecumenical Temple.
  9407 | Temple   | Entered the Ecumenical Temple
  9642 | Temple   | Became a worshipper of Vehumet
 10207 | D:8      | Reached skill level 14 in Earth Magic
 10350 | D:8      | Noticed a two-headed ogre
 10354 | D:8      | Killed a two-headed ogre
 10660 | D:8      | Found a broken altar of Ashenzari.
 10787 | D:8      | Reached * piety under Vehumet
 10787 | D:8      | Offered knowledge of Freeze by Vehumet.
 11173 | D:8      | Reached XP level 11. HP: 68/68 MP: 11/24
 11324 | D:8      | Noticed a two-headed ogre
 11327 | D:8      | Killed a two-headed ogre
 11328 | D:8      | Reached skill level 15 in Earth Magic
 12165 | D:9      | Found Bucrocy Kud's Magic Scroll Shoppe.
 12165 | D:9      | Found Pirumag's General Store.
 12168 | D:9      | Found Menupras's Weapon Shoppe.
 12169 | D:9      | Found Siatee Diawk's Distillery.
 12189 | D:9      | Found a basalt altar of Yredelemnul.
 13152 | D:9      | Reached skill level 10 in Spellcasting
 13355 | D:10     | Entered Level 10 of the Dungeon
 13445 | D:10     | Offered knowledge of Foxfire by Vehumet.
 13446 | D:10     | Reached skill level 16 in Earth Magic
 13561 | D:10     | Noticed a brown ugly thing
 13565 | D:10     | Killed a brown ugly thing
 13670 | D:10     | Reached ** piety under Vehumet
 14356 | D:10     | Found a staircase to the Lair.
 14372 | D:10     | Noticed Josephine
 14377 | D:10     | Killed Josephine
 14378 | D:10     | Reached XP level 12. HP: 29/74 MP: 13/26
 14392 | D:10     | Slain by a wraith

Illustrated notes

Levels and vault maps discovered:
D:1:      amcnicky_arrival_feature_with_door, layout_basic
D:2:      layout_loops_corners, minmay_bisected
D:3:      layout_basic, old_standard_altar,
          nicolae_hepliaklqana_monster_ancestors, chequers_serial_rivers_micro_b
D:4:      layout_gridville, grunt_temple_overflow_open,
          nicolae_overflow_hidden_temple
D:5:      layout_cave_pools, cheibrodos_sewer_entry_bend, st_stairs_7,
          uniq_duvessa, uniq_edmund
D:6:      layout_rooms, uniq_pikel, uniq_menkaure
D:7:      layout_basic, grunt_temple_overflow_order_and_chaos_2,
          minmay_temple_entry_enclosed_plants, uniq_joseph
D:8:      kennysheep_six_static_rooms, layout_basic,
          ashenzari_conservatory_becter, gup_ossuary_entry_pyramid, minivault_5
D:9:      layout_roguey, lemuel_doored_altar, hangedman_decor_growths,
          minmay_shop_grid_forest, hangedman_tell_no_tales
D:10:     minmay_the_grid_net [minmay_the_grid_garden,
          minmay_the_grid_aliased_spiral, minmay_the_grid_tiny_cups,
          minmay_the_grid_plusring, minmay_the_grid_fan,
          minmay_the_grid_prize_trominoes], layout_basic, lair_entry_dummy,
          uniq_josephine
Temple:   nicolae_temple_figure_eight

Skill      XL: |  1  2  3  4  5  6  7  8  9 10 11 |
---------------+----------------------------------+-----
Earth Magic    | 4 5 6 7 8 11 12 14 16 | 16.9
Spellcasting   | 3 4 5 6 7 9 10 | 10.8
Dodging        | |  1.7
Stealth        | |  2.4
Transmutations | |  1.1

Action                   |  1- 3 |  4- 6 |  7- 9 | 10-12 || total
-------------------------+-------+-------+-------+-------++-------
Melee: Unarmed           |    30 |       |       |       ||    30
       Dagger            |    38 |   103 |     6 |       ||   147
       Flail             |       |       |     2 |    28 ||    30
 Cast: Sandblast         |    34 |    22 |    29 |    32 ||   117
       Stone Arrow       |       |    23 |    64 |   176 ||   263
 Abil: Dig               |       |       |       |     1 ||     1
Evoke: Wand              |       |       |     2 |     9 ||    11
  Use: Scroll            |       |       |       |    11 ||    11
 Stab: Sleeping          |     2 |       |       |       ||     2
       Paralysed         |       |       |       |     6 ||     6
Armor: Robe              |    22 |    26 |     5 |       ||    53
       Leather armour    |       |       |       |    36 ||    36
Dodge: Dodged            |    48 |    82 |    19 |    77 ||   226

Table legend: (Time is in decaauts)
 A = Elapsed time spent in this place.
 B = Non-inter-level travel time spent in this place.
 C = Inter-level travel time spent in this place.
 D = Time resting spent in this place.
 E = Time spent auto-exploring this place.
 F = Levels seen in this place.
 G = Mean time per level.
                   A        B        C        D        E       F      G
               +--------+--------+--------+--------+--------+-----+--------+
         Total |  14410 |  14067 |    343 |    799 |  11686 |  11 | 1310.0 |
       Dungeon |  14163 |  13867 |    296 |    799 |  11487 |  10 | 1416.3 |
        Temple |    247 |    200 |     47 |      0 |    199 |   1 |  247.0 |
               +--------+--------+--------+--------+--------+-----+--------+

Top non-repeatable levels by time:
     D:8: 2155 daAuts
     D:7: 1684 daAuts
     D:9: 1532 daAuts
     D:2: 1428 daAuts
     D:4: 1388 daAuts
     D:5: 1339 daAuts
     D:1: 1335 daAuts
     D:3: 1255 daAuts
    D:10: 1023 daAuts
     D:6: 1020 daAuts
  Temple: 247 daAuts
